 Dungeon Crawl Stone Soup version 0.15.2 (webtiles) character file.

198 Heini the Skirmisher (level 5, -1/50 HPs)
             Began as a Minotaur Fighter on Feb 3, 2015.
             Slain by Heini's ghost (7 damage)
             ... on Level 3 of the Dungeon.
             The game lasted 00:04:21 (1916 turns).

Heini the Skirmisher (Minotaur Fighter)             Turns: 1916, Time: 00:04:22

HP  -1/50        AC  7     Str 21      XL: 5   Next: 47%
MP   2/2         EV  6     Int  5      God:
Gold 153         SH  9     Dex 10      Spells:  0 memorised,  4 levels left

rFire  . . .     SeeInvis .     a - +0 flail
rCold  . . .     Clarity  +     b - +0 scale mail
rNeg   . . .     rCorr    .     c - +0 shield
rPois  .         rRot     .     (helmet restricted)
rElec  .         Spirit   .     (no cloak)
SustAb +         Warding  .     (no gloves)
rMut   .         Stasis   .     (no boots)
Gourm  .                        h - amulet of clarity
MR     .....                    (no ring)
                                s - ring of sustain abilities

@: not resistant to hostile enchantments, extremely unstealthy
A: retaliatory headbutt, horns 2
a: no special abilities


You were on level 3 of the Dungeon.
You were hungry.

You visited 1 branch of the dungeon, and saw 3 of its levels.

You collected 153 gold pieces.

Inventory:

Hand weapons
 a - a +0 flail (weapon)
Armour
 b - a +0 scale mail (worn)
 c - a +0 shield (worn)
Magical devices
 o - a wand of random effects (24) {unknown}
Comestibles
 d - 3 bread rations
 g - 2 meat rations
 l - 4 rotting chunks of gnoll flesh
 m - a royal jelly
Scrolls
 k - a scroll of recharging
Jewellery
 h - an amulet of clarity (around neck)
 p - an uncursed amulet of warding {unknown}
 s - a ring of sustain abilities (left hand)
Potions
 e - 2 potions of might
 f - a potion of flight
 i - a potion of heal wounds {unknown}
 j - a potion of invisibility {unknown}
 n - a potion of cancellation {unknown}
 q - a potion of degeneration
 v - a potion of cure mutation {unknown}


   Skills:
 * Level 6.0 Fighting
 * Level 3.7 Maces & Flails
 * Level 5.0 Armour
 - Level 3.6 Shields


You had 4 spell levels left.
You didn't know any spells.

Dungeon Overview and Level Annotations

Branches:
Dungeon (3/15)

Altars:
Sif Muna
Xom

Annotations:
D:3 Heini's ghost, average MiFi


Innate Abilities, Weirdness & Mutations

You reflexively headbutt those who attack you in melee.
You have a pair of horns on your head.


Message History

Heini's ghost hits you.
You closely miss Heini's ghost.
You headbutt Heini's ghost, but do no damage.
Heini's ghost is severely damaged.
You block Heini's ghost's attack.
You hit Heini's ghost but do no damage. Your headbutt misses Heini's ghost.
Heini's ghost is severely damaged.
Heini's ghost closely misses you. You furiously retaliate!
You headbutt Heini's ghost. You hit Heini's ghost but do no damage.
Heini's ghost is severely damaged.
You block Heini's ghost's attack. Heini's ghost hits you!
* * * LOW HITPOINT WARNING * * *
You hit Heini's ghost but do no damage. Your headbutt misses Heini's ghost.
Heini's ghost is severely damaged.
You block Heini's ghost's attack.
You sock Heini's ghost!
Heini's ghost is almost destroyed.
Heini's ghost hits you!
You die...

#.#.# #...#.#
#######.#.#######.#.####
..................>......
#.#.....#.#######.#.####
#...............#.####
#.......#..####.#.#...
#.............#.#.#.##
#........).#.##.#.....
#...W@.....#.##.#.....
##.######....##.#.#...
..............#.#.#.
#####.....#####.....
+.........#.....
#...%.###.#.....
#.........#.....
#.........#.....
###.......#.....


You could see Heini's ghost.

Vanquished Creatures
  An orc wizard (D:3)
  5 adders
  3 gnolls (D:3)
  A giant mite (D:1)
  3 worms
  4 giant geckos
  2 orcs (D:3)
  7 goblins
  6 hobgoblins
  8 jackals
  A quokka (D:2)
  5 bats
  3 giant cockroaches
  5 giant newts
  4 kobolds
  A quokka skeleton (D:3)
  9 rats
  2 butterflies (D:2)
70 creatures vanquished.

Notes
Turn   | Place    | Note
--------------------------------------------------------------
     0 | D:1      | Heini, the Minotaur Fighter, began the quest for the Orb.
     0 | D:1      | Reached XP level 1. HP: 19/19 MP: 1/1
   190 | D:1      | Reached skill level 4 in Fighting
   190 | D:1      | Reached XP level 2. HP: 24/27 MP: 1/1
   510 | D:2      | Reached XP level 3. HP: 34/34 MP: 2/2
   586 | D:2      | Found a shimmering altar of Xom.
   631 | D:2      | Reached skill level 5 in Fighting
   807 | D:2      | Reached XP level 4. HP: 40/42 MP: 2/2
   979 | D:3      | Found a deep blue altar of Sif Muna.
  1347 | D:3      | Reached XP level 5. HP: 47/49 MP: 2/2
  1666 | D:3      | Reached skill level 5 in Armour
  1847 | D:3      | Reached skill level 6 in Fighting
  1899 | D:3      | Noticed Heini's ghost (average MiFi)
  1916 | D:3      | Slain by Heini's ghost

Action                   |  1- 3 |  4- 6 || total
-------------------------+-------+-------++-------
Melee: Flail             |   110 |    90 ||   200
  Use: Scroll            |       |     9 ||     9
  Eat: Chunk             |       |     3 ||     3
